AoeStats
← Saryle

Arena

510290475Analyzed
1v1 RM · 2d ago on Sep 30, 2026· 49m 8s· 2 players
Game mode
Random Map
Map size
Tiny (2 player)
Population
200
Speed
Normal
Resources
Standard
Victory
Conquest
Starting age
Dark Age
Ending age
Imperial Age
RankedLock teamsTeams togetherTeam positionsShared explorationLock speedFull tech treeHidden civsTurbo modeCheats
Victory
Defeat
🇫🇷 Magyars · France
816
+15
🇺🇸 Portuguese · United States
802
-39
John Cena
0:31 Loom
14:35 Feudal Age
19:14 Castle Age
23:47 Double-Bit Axe
24:18 Horse Collar
25:44 Bow Saw
29:21 Wheelbarrow
28:32 Town Watch
28:55 Heavy Plow
28:48 Gold Mining
28:33 Light Cavalry
29:25 Bloodlines
30:02 Husbandry
31:04 Stone Mining
31:27 Forging
34:40 Imperial Age
34:50 Circumnavigation
35:19 Hand Cart
35:05 Town Patrol
35:27 Masonry
34:58 Treadmill Crane
35:14 Murder Holes
35:30 Fortified Wall
35:11 Guard Tower
36:39 Chemistry
35:30 Guard Tower
35:51 Fortified Wall
35:37 Murder Holes
35:22 Treadmill Crane
35:34 Heated Shot
35:49 Siege Engineers
36:27 Crop Rotation
38:07 Two-Man Saw
37:57 Bombard Tower
39:52 Stone Shaft Mining
38:51 Capped Ram
40:09 Iron Casting
39:36 Scale Mail Armor
39:41 Scale Barding Armor
39:37 Padded Archer Armor
39:28 Fletching
39:12 Sappers
39:15 Cavalier
Saryle
12:43 Feudal Age
13:01 Man-at-Arms
16:53 Double-Bit Axe
16:54 Horse Collar
17:47 Stone Mining
17:50 Gold Mining
23:17 Castle Age
21:43 Scale Mail Armor
22:49 Scale Barding Armor
23:25 Padded Archer Armor
23:39 Bloodlines
27:10 Corvinian Army
28:39 Pikeman
29:24 Loom
32:50 Leather Archer Armor
34:22 Town Watch
37:53 Imperial Age
37:26 Husbandry
38:01 Elite Magyar Huszar
39:11 Capped Ram
40:29 Cavalier
42:23 Chain Barding Armor
42:26 Chain Mail Armor
43:13 Ring Archer Armor
44:24 Heavy Plow
44:40 Bow Saw
46:22 Gold Shaft Mining
46:49 Two-Man Saw
46:26 Crop Rotation
47:15 Paladin
47:40 Spies/Treason
50:04 Plate Barding Armor
50:09 Wheelbarrow
49:39 Town Patrol
Connection lost

Rejoining the realm…

Still unreachable

The connection could not be restored.

Session expired

The server has moved on; the page needs a fresh start.